 Dungeon Crawl Stone Soup version 0.32-a0-411-g744942f433 (webtiles) character file.

Game seed: 6786436162031262886

489 CougarLife the Digger (level 7, -2/36 HPs)
             Began as a Gargoyle Earth Elementalist on Feb 20, 2024.
             Slain by a black bear (5 damage)
             ... on level 4 of the Dungeon.
             The game lasted 00:03:17 (3190 turns).

CougarLife the Digger (Gargoyle Earth Elementalist) Turns: 3190, Time: 00:03:17

Health: -2/36      AC:  7    Str: 11    XL:     7   Next: 14%
Magic:  1/13       EV: 11    Int: 18    God:
Gold:   204        SH:  0    Dex: 10    Spells: 10/14 levels left

rFire   . . .        d - +0 dagger
rCold   . . .        (no shield)
rNeg    + . .        a - +0 robe
rPois   ∞            (no helmet)
rElec   +            (no cloak)
rCorr   .            (no gloves)
SInv    .            e - +0 pair of boots
Will    .....        (no amulet)
Stlth   ++           (no ring)
HPRegen 0.26/turn    (no ring)
MPRegen 0.13/turn

%: no passive effects
@: no status effects
A: sickness immunity, AC +4, negative energy resistance 1, electricity
resistance, torment resistance 1, petrification resistance
a: no special abilities


You were on level 4 of the Dungeon.
You visited 1 branch of the dungeon, and saw 4 of its levels.

You collected 204 gold pieces.

Inventory:

Hand Weapons
 d - a +0 dagger (weapon)
Armour
 a - a +0 robe (worn)
 e - a +0 pair of boots (worn)
Jewellery
 m - a ring of flight
Wands
 p - a wand of polymorph (3)
 r - a wand of flame (6)
Scrolls
 c - 2 scrolls of fog {unknown}
 g - a scroll of torment {unknown}
 h - 4 scrolls of identify {unknown}
 i - a scroll of amnesia {unknown}
 j - a scroll of poison {unknown}
Potions
 b - a potion of magic
 f - a potion of curing {unknown}
 k - a potion of might {unknown}
 l - a potion of brilliance {unknown}
 n - a potion of enlightenment {unknown}
 o - a potion of haste {unknown}
 q - a potion of mutation {unknown}


   Skills:
 - Level 1.5 Dodging
 - Level 2.1 Stealth
 + Level 4.2 Spellcasting
 + Level 4.6 Conjurations
 + Level 6.1 Earth Magic


You had 10 spell levels left.
You knew the following spells:

 Your Spells              Type           Power      Damage    Failure   Level
a - Sandblast             Erth           52%        2d12      1%          1
b - Stone Arrow           Conj/Erth      46%        3d9       4%          3

Your spell library contained the following spells:

 Spells                   Type           Power      Damage    Failure   Level
 Passwall                 Erth           26%        N/A       3%          3
 Brom's Barrelling Bould  Conj/Erth      23%        2d4       16%         4
 Petrify                  Alch/Erth      14%        N/A       38%         4


Dungeon Overview and Level Annotations

Branches:
Dungeon (4/15)
 Temple: D:4-7

Altars:
Hepliaklqana
Xom

Annotations:
D:3 1 runed translucent door, 2 transporters, Crazy Yiuf; benadryl's ghost, amateur CoAr


Innate Abilities, Weirdness & Mutations

You are immune to sickness and miasma.
Your stone body is resilient. (AC +4)
You are immune to poison.
You resist negative energy. (rN+)
You are resistant to electric shocks. (rElec)
You are resistant to unholy torment.
You are immune to petrification.


Message History

The iguana is severely wounded.
The iguana barely misses you.
The blast of sand hits the iguana!
You kill the iguana!
The kobold closely misses you.
The blast of sand misses the kobold.
The blast of sand hits the black bear!
The black bear is moderately wounded.
The kobold hits you but does no damage.
The blast of sand hits the kobold!
You kill the kobold!
The black bear bites you but does no damage.
The black bear claws you but does no damage. x2
The blast of sand hits the black bear!
The black bear is heavily wounded.
The black bear bites you but does no damage.
The black bear claws you but does no damage. x2
The blast of sand hits the black bear.
The black bear is severely wounded.
The black bear bites you but does no damage.
The black bear barely misses you. The black bear claws you.
The black bear goes berserk!
The black bear attacks as it pursues you!
The black bear closely misses you. x2; The black bear claws you.
The black bear barely misses you. The black bear claws you. x2
The black bear closely misses you. The black bear completely misses you.
The black bear claws you but does no damage.
The black bear barely misses you.
The black bear claws you but does no damage.
The black bear claws you.
* * * LOW HITPOINT WARNING * * *
The black bear attacks as it pursues you!
The black bear barely misses you. The black bear claws you.
* * * LOW HITPOINT WARNING * * *
The black bear closely misses you.
The black bear attacks as it pursues you!
The black bear misses you. The black bear closely misses you. x2
Unknown command.
The black bear attacks as it pursues you!
The black bear bites you.
You die...

....>..†.#
.........#####
.............#### #
................#..
........#.........#
#......##.........$
...
#########.......... ..
####........### #.#
#...h@..o...# ..# .
#.#######...# ..#..
#.#ß.©.ß#...#####.K...
#.#~...~#.#.......)..#
#)###'###.#####..$#
#.#~...†#.# #..#.#
#.#~...~#.# #.##.# .
#.#~...~#.####.# .#...
#.#~.⌠.~#......##.....


You could see a black bear (berserk) and an orc.

Vanquished Creatures
  A scorpion (D:4)
  2 electric eels (D:4)
  An orc priest (D:3)
  A sleepcap (D:4)
  Jessica (D:3)
  An iguana (D:4)
  Natasha (thrice) (D:3)
  An orc wizard (D:3)
  2 adders
  3 ribbon worms
  5 orcs
  4 endoplasms
  4 giant cockroaches
  6 goblins
  6 hobgoblins
  4 jackals
  A quokka (D:1)
  4 ball pythons
  9 bats
  3 frilled lizards
  5 kobolds
  5 rats
72 creatures vanquished.

Notes
Turn   | Place    | Note
-------+----------+-------------------------------------------
     0 | D:1      | CougarLife the Gargoyle Earth Elementalist began the quest
                  | for the Orb.
     0 | D:1      | Reached XP level 1. HP: 10/10 MP: 3/3
    68 | D:1      | Reached XP level 2. HP: 15/15 MP: 0/5
   241 | D:1      | Reached skill level 4 in Earth Magic
   391 | D:1      | Reached XP level 3. HP: 17/19 MP: 1/6
   675 | D:1      | Found a faded altar of an unknown god.
   879 | D:2      | Found a hazy altar of Hepliaklqana.
   935 | D:2      | Identified the +1 leather armour of Wuixalu {rPois rN+
                  | Int+2}
  1284 | D:2      | Reached XP level 4. HP: 23/24 MP: 5/8
  1685 | D:2      | Learned a level 3 spell: Stone Arrow
  1750 | D:3      | Found a runed translucent door.
  1751 | D:3      | Noticed Crazy Yiuf
  2072 | D:3      | Noticed Natasha
  2073 | D:3      | Noticed Jessica
  2079 | D:3      | Killed Natasha
  2080 | D:3      | Reached XP level 5. HP: 10/28 MP: 3/9
  2087 | D:3      | HP: 1/28 [Jessica/+0 dagger (1)]
  2089 | D:3      | Killed Jessica
  2090 | D:3      | Reached skill level 5 in Earth Magic
  2090 | D:3      | Noticed Natasha
  2384 | D:3      | Killed Natasha
  2495 | D:3      | Found a shimmering altar of Xom.
  2505 | D:3      | Noticed Natasha
  2509 | D:3      | Reached XP level 6. HP: 32/32 MP: 8/11
  2628 | D:3      | Killed Natasha
  2805 | D:3      | Identified the +11 halberd of the Endless Visions {vamp,
                  | Dex+2}
  2811 | D:3      | Noticed benadryl's ghost (amateur CoAr)
  2829 | D:3      | Found a transporter.
  2835 | D:3      | Found a transporter.
  2964 | D:4      | Found a transporter.
  2982 | D:4      | Found a transporter.
  3075 | D:4      | Reached skill level 6 in Earth Magic
  3075 | D:4      | Reached XP level 7. HP: 34/36 MP: 8/13
  3190 | D:4      | Slain by a black bear

Illustrated notes

Levels and vault maps discovered:
D:1:      dpeg_arrival_prison, layout_basic,
          hellmonk_ecumenical_altar_heavens_door, st_stairs_9,
          chequers_serial_rivers_room_b
D:2:      layout_loops_ring, basic_altar
D:3:      layout_basic, xom_teletrap_fun, gammafunk_ghost_gnarly_gnolls,
          uniq_jessica, uniq_crazy_yiuf_cottage, uniq_natasha
D:4:      gammafunk_steamed_eel, layout_rooms, marbit_many_paths,
          mainiacjoe_overflow_surrounded_room, solitary_fountain

Skill      XL: |  1  2  3  4  5  6 |
---------------+-------------------+-----
Earth Magic    | 4 5 6 |  6.1
Conjurations   | 2 3 4 |  4.6
Spellcasting   | 3 4 |  4.2
Dodging        | |  1.5
Stealth        | |  2.1

Action                     |  1- 3 |  4- 6 |  7- 9 || total
---------------------------+-------+-------+-------++-------
  Melee: Dagger            |    23 |    13 |       ||    36
   Cast: Sandblast         |    37 |    65 |    21 ||   123
 Armour: Robe              |    29 |    45 |    49 ||   123
         Skin              |       |    17 |       ||    17
  Dodge: Dodged            |    30 |    45 |    37 ||   112

Table legend: (Time is in decaauts)
 A = Elapsed time spent in this place.
 B = Non-inter-level travel time spent in this place.
 C = Inter-level travel time spent in this place.
 D = Time resting spent in this place.
 E = Time spent auto-exploring this place.
 F = Levels seen in this place.
 G = Mean time per level.
                   A        B        C        D        E       F      G
               +--------+--------+--------+--------+--------+-----+--------+
         Total |   3252 |   3142 |    110 |    299 |   2240 |   4 |  813.0 |
       Dungeon |   3252 |   3142 |    110 |    299 |   2240 |   4 |  813.0 |
               +--------+--------+--------+--------+--------+-----+--------+

Top non-repeatable levels by time:
     D:3: 1083 daAuts
     D:2: 1049 daAuts
     D:1: 842 daAuts
     D:4: 277 daAuts
